 Dungeon Crawl Stone Soup version 0.29.1-15-g9cfb28693d (webtiles) character file.

Game seed: 8310505495582617859

207 nightchill the Caller (level 5, -3/30 HPs)
             Began as a Tengu Summoner on Apr 3, 2023.
             Slain by a gnoll
             ... wielding a +0 whip
              (5 damage)
             ... on level 2 of the Dungeon.
             The game lasted 00:07:15 (3407 turns).

nightchill the Caller (Tengu Summoner)              Turns: 3407, Time: 00:07:15

Health: -3/30      AC:  3    Str: 14    XL:     5   Next: 85%
Magic:  10/10      EV: 18    Int: 18    God:
Gold:   177        SH:  0    Dex: 14    Spells: 3/9 levels left

rFire   . . .      SeeInvis .   g - +0 dagger (venom)
rCold   . . .      Faith    .   (no shield)
rNeg    . . .      Spirit   .   a - +0 robe
rPois   .          Reflect  .   (helmet restricted)
rElec   .          Harm     .   (no cloak)
rCorr   .          Rampage  .   h - +0 pair of gloves
Will    .....                   (boots unavailable)
Stlth   +++.......              o - amulet of magic regeneration
HPRegen 0.10/turn               d - +4 ring of evasion
MPRegen 0.52/turn               f - +6 ring of strength

@: flying quickly and evasively, quick
A: beak, talons 3, nimble flight
a: no special abilities


You were on level 2 of the Dungeon.
You visited 1 branch of the dungeon, and saw 3 of its levels.

You collected 177 gold pieces.

Inventory:

Hand Weapons
 e - a +0 dagger
 g - a +0 dagger of venom (weapon)
Missiles
 p - a throwing net
Armour
 a - a +0 robe (worn)
 h - a +0 pair of gloves (worn)
Jewellery
 d - a +4 ring of evasion (left hand)
 f - a +6 ring of strength (right hand)
 o - an amulet of magic regeneration (around neck)
Scrolls
 j - 3 scrolls of identify {unknown}
 k - 2 scrolls of noise {unknown}
 l - a scroll of fog {unknown}
Potions
 b - a potion of magic
 c - 2 potions of attraction {unknown}
 i - 2 potions of flight {unknown}
 m - a potion of invisibility {unknown}
 n - 3 potions of curing {unknown}


   Skills:
 + Level 1.8 Fighting
 - Level 2.1 Dodging
 * Level 3.9 Stealth
 + Level 2.9 Spellcasting
 * Level 6.1 Summonings


You had 3 spell levels left.
You knew the following spells:

 Your Spells              Type           Power      Damage    Failure   Level
a - Summon Small Mammal   Summ           96%        N/A       1%          1
b - Call Imp              Summ           24%        N/A       1%          2
c - Call Canine Familiar  Summ           24%        N/A       3%          3

Your spell library contained the following spells:

 Spells                   Type           Power      Damage    Failure   Level
 Summon Guardian Golem    Hex/Summ       13%        N/A       14%         3
 Sublimation of Blood     Necr           2%         N/A       26%         2
 Wereblood                Tmut           2%         N/A       26%         2
 Summon Lightning Spire   Summ/Air       13%        N/A       43%         4
 Summon Hydra             Summ           12%        N/A       100%        7


Dungeon Overview and Level Annotations

Branches:
Dungeon (3/15)

Altars:

Shops:
D:1 [


Innate Abilities, Weirdness & Mutations

You have a beak for a mouth.
You have claws for feet.
Your magical nature lets you fly swiftly and evasively.


Message History

Your hound bites the gnoll.
The gnoll hits your hound with a +0 club!
Your hound bites the gnoll but does no damage.
You see here 3 stones.
The gnoll is no longer moving quickly.
The gnoll bouda gazes fiercely through you!
You feel your attacks grow feeble.
The gnoll bouda barks out a call to the hunt!
The gnolls pick up the pace!
The gnoll attacks as you move away! The gnoll hits you with a +0 whip.
* * * LOW HITPOINT WARNING * * *
The gnoll is no longer moving quickly. x2; Your hound bites the gnoll.
The gnoll misses your hound.
The gnoll bouda barks out a call to the hunt!
The gnolls pick up the pace!
The gnoll attacks as you move away! The gnoll misses you.
The gnoll attacks as you move away! The gnoll misses you.
Your hound bites the gnoll.
The gnoll closely misses your hound. The gnoll hits you with a +0 whip.
* * * LOW HITPOINT WARNING * * *
The gnoll completely misses you.
Your attacks no longer feel as feeble.
Your hound bites the gnoll.
The gnoll dies!
The gnoll closely misses your hound.
Your hound bites the gnoll bouda but does no damage.
Something hits your hound.
Your hound bites the gnoll.
The gnoll bouda hits your hound with a +0 club!
Your hound dies!
Your hound's corpse disappears in a puff of smoke!
The gnoll bouda shouts!
The gnoll attacks as you move away! The gnoll closely misses you.
The gnoll attacks as you move away! The gnoll misses you.
The gnoll closely misses you. The gnoll misses you.
There is a stone staircase leading up here.
The gnoll completely misses you.
You fly upwards.
There is a stone staircase leading down here.
The gnoll hits you with a +0 whip.
You die...

.#...........#........#
.#...........#.######.#
##.......###.#.# #.#
.....#######.#.# #.#
####......##.#.# #.# #
#.####.##.#.######.#
####.####....#......#.#
.............>#####.#.#
...............g@...#.#
###...##...##.#######.#
# #........##.# #.#
###...##...##.# #.#
#.....#.......# #.#
#..........##.# #.#
......#....##.# #.#
##.........##.# #.#
##)#####...##.#######)#


You could see a gnoll (swift).

Vanquished Creatures
  An orc priest (D:3)
  Natasha (D:3)
  2 gnolls (D:3)
  2 adders (D:3)
  2 dart slugs
  5 orcs (D:3)
  3 endoplasms
  2 giant cockroaches
  6 hobgoblins
  3 quokkas (D:1)
  6 ball pythons
  3 bats
  A frilled lizard (D:2)
  3 goblins
  7 kobolds
  3 rats
50 creatures vanquished.

Vanquished Creatures (collateral kills)
  A hound (D:2)
  A gnoll (D:3)
  3 endoplasms
  A giant cockroach (D:1)
  A hobgoblin (D:1)
  3 jackals (D:1)
  3 quokkas (D:1)
  2 ball pythons (D:1)
  A frilled lizard (D:1)
  A goblin (D:3)
  A kobold (D:3)
  A rat (D:1)
19 creatures vanquished.

Grand Total: 69 creatures vanquished

Notes
Turn   | Place    | Note
-------+----------+-------------------------------------------
     0 | D:1      | nightchill the Tengu Summoner began the quest for the Orb.
     0 | D:1      | Reached XP level 1. HP: 10/10 MP: 4/4
   496 | D:1      | Reached skill level 5 in Summonings
   496 | D:1      | Reached XP level 2. HP: 16/16 MP: 4/6
   654 | D:1      | Found Jeothru's Antique Armour Shoppe.
   770 | D:1      | You fall into a shaft and drop 1 floor!
   806 | D:1      | Learned a level 2 spell: Call Imp
  1180 | D:1      | Found a faded altar of an unknown god.
  1318 | D:1      | Reached XP level 3. HP: 20/20 MP: 7/7
  2036 | D:2      | Reached skill level 1 in Fighting
  2036 | D:2      | Reached XP level 4. HP: 15/25 MP: 2/8
  2340 | D:2      | Learned a level 3 spell: Call Canine Familiar
  2811 | D:3      | Noticed Natasha
  2867 | D:3      | Killed Natasha
  2868 | D:3      | Gained mutation: Your magical nature lets you fly swiftly
                  | and evasively. [Tengu growth]
  2868 | D:3      | Reached XP level 5. HP: 24/29 MP: 5/10
  2986 | D:3      | Reached skill level 6 in Summonings
  3326 | D:3      | Identified the +0 ring mail of Compression {Str+3}
  3395 | D:3      | HP: 1/30 [gnoll/+0 whip (4)]
  3407 | D:2      | Slain by a gnoll

Illustrated notes

Levels and vault maps discovered:
D:1:      eino_arrival_druids_welcome, layout_basic,
          shapermc_ecumenical_altar_hornbeckon, serial_shops, shop
D:2:      layout_basic
D:3:      layout_basic, uniq_natasha

Skill      XL: |  1  2  3  4  5 |
---------------+----------------+-----
Summonings     | 5 6 |  6.1
Fighting       | 1 |  1.8
Stealth        | 3 |  3.9
Dodging        | |  2.1
Spellcasting   | |  2.9

Action                   |  1- 3 |  4- 6 || total
-------------------------+-------+-------++-------
Melee: Unarmed           |    13 |       ||    13
       Dagger            |    54 |    69 ||   123
       Kick              |    14 |    17 ||    31
       Peck              |    11 |    12 ||    23
       Punch             |     1 |       ||     1
 Cast: Summon Small Mamm |    18 |     4 ||    22
       Call Imp          |    13 |     7 ||    20
       Call Canine Famil |       |     7 ||     7
 Stab: Sleeping          |     6 |     3 ||     9
       Distracted        |       |     1 ||     1
Armor: Robe              |    12 |     9 ||    21
Dodge: Dodged            |    50 |    72 ||   122
